 Dungeon Crawl Stone Soup version 0.23-b1-67-g8bd44de (webtiles) character file.

Game seed: 15675869307988982988

74 redwoodhats the Bolt Thrower (level 4, -1/37 HPs)
             Began as a Hill Orc Hunter on Feb 5, 2019.
             Slain by a quokka (3 damage)
             ... on level 2 of the Dungeon.
             The game lasted 00:10:36 (1962 turns).

redwoodhats the Bolt Thrower (Hill Orc Hunter)      Turns: 1962, Time: 00:10:37

Health: -1/37      AC:  3    Str: 15    XL:     4   Next: 30%
Magic:  4/4        EV: 12    Int: 11    God:
Gold:   63         SH:  0    Dex: 11    Spells: 3/3 levels left

rFire    + . .     SeeInvis .   b - +0 short sword
rCold    + . .     Gourm    .   (no shield)
rNeg     . . .     Faith    .   c - +0 leather armour
rPois    .         Spirit   .   (no helmet)
rElec    .         Reflect  .   (no cloak)
rCorr    +         Harm     .   (no gloves)
MR       .....                  (no boots)
Stlth    +.........             (no amulet)
HPRegen  0.12/turn              e - ring of resist corrosion
MPRegen  0.09/turn              q - ring of protection from fire

@: no status effects
A: blink, cold resistance 1
a: Blink


You were on level 2 of the Dungeon.
You were not hungry.

You visited 1 branch of the dungeon, and saw 2 of its levels.

You collected 63 gold pieces.

Inventory:

Hand Weapons
 a - a +1 hand crossbow
 b - a +0 short sword (weapon)
 n - a +0 dagger of holy wrath
Missiles
 d - 39 bolts
Armour
 c - a +0 leather armour (worn)
Jewellery
 e - a ring of resist corrosion (left hand)
 q - a ring of protection from fire (right hand)
Scrolls
 g - a scroll of identify
Potions
 h - 3 potions of mutation
 i - a potion of berserk rage
Comestibles
 f - 5 rations


   Skills:
 + Level 2.9 Fighting
 + Level 1.0 Short Blades
 + Level 4.1 Crossbows
 + Level 2.0 Armour
 + Level 2.0 Dodging
 + Level 0.8 Stealth


You had 3 spell levels left.
You didn't know any spells.
Your spell library was empty.

Dungeon Overview and Level Annotations

Branches:
Dungeon (2/15)

Altars:


Innate Abilities, Weirdness & Mutations

You can translocate small distances at will.
Your flesh is cold resistant. (rC+)


Message History

You blink.
You feel slightly more hungry.
You fail to use your ability.
The kobold hits you but does no damage.
You blink.
You feel slightly more hungry.
Okay, then.
Firing (i - inventory)
d - 41 bolts (quivered)
Press: ? - help, Shift-Dir - straight line, f/p - kobold
Aim: a kobold, wielding a +0 dagger You shoot a bolt.
The bolt hits the kobold!
You kill the kobold!
Your Armour skill increases to level 2!
Firing (i - inventory)
d - 40 bolts (quivered)
Press: ? - help, Shift-Dir - straight line, f - quokka
Aim: a quokka You shoot a bolt.
The bolt barely misses the quokka.
The quokka bites you but does no damage.
b - a +0 short sword (weapon)
You hit the quokka but do no damage. The quokka bites you.
* * * LOW HITPOINT WARNING * * *
The quokka bites you.
You die...

#.#)# #.#.# #####(#.#
.....(#(######## ##
####..........######.
#....(...............
#.##.†).......######.
# #...(......# #.
#@r........# #.
#..........# ##
#...(......#
#..........#
#.......(..#
.............#
.............#
.............#
..............#


You could see a quokka.

Vanquished Creatures
  An adder (D:2)
  A worm (D:2)
  2 dart slugs
  A leopard gecko (D:1)
  3 giant cockroaches
  7 goblins
  5 hobgoblins (D:1)
  9 jackals
  A quokka (D:2)
  2 bats
  4 frilled lizards
  9 kobolds
  7 rats
52 creatures vanquished.

Notes
Turn   | Place    | Note
-------+----------+-------------------------------------------
     0 | D:1      | redwoodhats the Hill Orc Hunter began the quest for the
                  | Orb.
     0 | D:1      | Reached XP level 1. HP: 18/18 MP: 1/1
    92 | D:1      | Reached XP level 2. HP: 6/25 MP: 2/2
   758 | D:1      | Reached skill level 1 in Armour
   856 | D:1      | Reached XP level 3. HP: 26/30 MP: 3/3
  1031 | D:1      | Reached skill level 4 in Crossbows
  1309 | D:1      | Gained mutation: You evolve. [potion of mutation]
  1309 | D:1      | Gained mutation: You can translocate small distances at
                  | will. [potion of mutation]
  1309 | D:1      | Gained mutation: Your flesh is cold resistant. (rC+)
                  | [potion of mutation]
  1669 | D:2      | Reached skill level 1 in Short Blades
  1669 | D:2      | Reached XP level 4. HP: 22/37 MP: 4/4
  1850 | D:2      | Lost mutation: You evolve. [evolution]
  1962 | D:2      | Slain by a quokka

Skill      XL: |  1  2  3  4 |
---------------+-------------+-----
Armour         | 1 2 |  2.0
Dodging        | 2 |  2.0
Crossbows      | 4 |  4.1
Short Blades   | 1 |  1.0
Fighting       | |  2.9
Stealth        | |  0.8

Action                   |  1- 3 |  4- 6 || total
-------------------------+-------+-------++-------
Melee: Short sword       |    73 |    31 ||   104
       Dagger            |    44 |       ||    44
 Fire: Hand crossbow     |    61 |    13 ||    74
 Abil: Blink             |     1 |     3 ||     4
  Use: Potion            |     6 |       ||     6
       Scroll            |     3 |       ||     3
  Eat: Ration            |     1 |       ||     1
Armor: Leather armour    |    37 |    13 ||    50
Dodge: Dodged            |   106 |    37 ||   143
